 Dungeon Crawl Stone Soup version 0.27-a0-1590-g15f69828bf (webtiles) character file.

Game seed: 12909660011939970016

40 Sabo the Shield-Bearer (level 3, -5/33 HPs)
             Began as a Deep Dwarf Fighter on July 18, 2021.
             Slain by Crazy Yiuf (7 damage)
             ... on level 2 of the Dungeon.
             The game lasted 00:08:23 (1774 turns).

Sabo the Shield-Bearer (Deep Dwarf Fighter)         Turns: 1774, Time: 00:08:24

Health: -5/33      AC:  8    Str: 20    XL:     3   Next: 30%
Magic:  3/3        EV:  7    Int:  8    God:
Gold:   108        SH:  9    Dex: 12    Spells: 2/2 levels left

rFire    . . .     SeeInvis +   a - +0 war axe
rCold    . . .     Faith    .   c - +0 kite shield
rNeg     . . .     Spirit   .   b - +0 scale mail
rPois    .         Reflect  .   (no helmet)
rElec    .         Harm     .   (no cloak)
rCorr    .         Rampage  .   (no gloves)
Will     .....                  k - +0 pair of boots
Stlth    ..........             (no amulet)
HPRegen  0.00/turn              h - ring of see invisible
MPRegen  0.08/turn              (no ring)

@: mighty, lethally poisoned (-5 -> -5), slowed, very slow
A: damage resistance, heal wounds, sense surroundings 1, no regeneration
a: Heal Wounds


You were on level 2 of the Dungeon.
You visited 1 branch of the dungeon, and saw 2 of its levels.

You collected 108 gold pieces.

Inventory:

Hand Weapons
 a - a +0 war axe (weapon)
Missiles
 g - 41 sling bullets
Armour
 b - a +0 scale mail (worn)
 c - a +0 kite shield (worn)
 k - a +0 pair of boots (worn)
Jewellery
 h - a ring of see invisible (left hand)
Scrolls
 e - a scroll of vulnerability {unknown}
 f - a scroll of noise {unknown}
 i - a scroll of immolation {unknown}
Potions
 j - a potion of haste {unknown}


   Skills:
 + Level 2.9 Fighting
 + Level 2.5 Axes
 + Level 3.5 Armour
 + Level 0.5 Dodging
 + Level 4.1 Shields


You had 2 spell levels left.
You didn't know any spells.
Your spell library was empty.

Dungeon Overview and Level Annotations

Branches:
Dungeon (2/15)

Altars:
Nemelex Xobeh

Annotations:
D:2 Crazy Yiuf


Innate Abilities, Weirdness & Mutations

You are resistant to damage.
You can heal yourself by infusing magical energy.
You passively map a small area around you.
You do not regenerate.


Message History

There is an open door here.
As you open the door, it creaks loudly!
A rat comes into view.
You slash the rat!
You kill the rat!
There is an open door here.
You now have 108 gold pieces (gained 6).
Found a stone staircase leading up.
Found a mace.
Found a runed translucent door.
Crazy Yiuf shouts!
You open the door. You hit Crazy Yiuf but do no damage.
Crazy Yiuf hits you with a +2 quarterstaff of chaos!
Crazy Yiuf freezes you.
Crazy Yiuf hits you with a +2 quarterstaff of chaos.
Crazy Yiuf burns you.
You completely miss Crazy Yiuf.
Crazy Yiuf screams, "Snower snockshim Hive!"
Crazy Yiuf hits you with a +2 quarterstaff of chaos.
You are electrocuted!
You closely miss Crazy Yiuf. You block Crazy Yiuf's attack. x2
You barely miss Crazy Yiuf.
Crazy Yiuf hits you with a +2 quarterstaff of chaos.
* * * LOW HITPOINT WARNING * * *
You are poisoned.
You feel very mighty all of a sudden.
Crazy Yiuf hits you with a +2 quarterstaff of chaos!
* * * LOW HITPOINT WARNING * * *
Crazy Yiuf freezes you.
You hit Crazy Yiuf.
Crazy Yiuf is lightly wounded.
You block Crazy Yiuf's attack.
Crazy Yiuf hits you with a +2 quarterstaff of chaos.
* * * LOW HITPOINT WARNING * * *
You feel yourself slow down.
You slash Crazy Yiuf!
Crazy Yiuf is almost dead.
You block Crazy Yiuf's attack.
Crazy Yiuf hits you with a +2 quarterstaff of chaos!
You die...

####...##
###....#
####.# ##.#*
#....# #....#
#. #....#
#.#### * #.*
#...## #.#
,#. ##.## #.#
, #.## #.# *
##.# ##.#
#.## #..# *,
* ##@# ####
#### ,* #g#*
... ... ..
#...# .# , *
#..# #..)# <#
* #..# #####
.#,* #..#
###### .# #
#..#
########.....
.#.# #..#
#...........#


You could see Crazy Yiuf.

Vanquished Creatures
  An adder (D:2)
  2 worms (D:2)
  A ball python (D:2)
  4 bats
  An endoplasm (D:2)
  3 jackals (D:2)
  3 kobolds (D:2)
  A quokka (D:1)
  A frilled lizard (D:2)
  11 rats
28 creatures vanquished.

Notes
Turn   | Place    | Note
-------+----------+-------------------------------------------
     0 | D:1      | Sabo the Deep Dwarf Fighter began the quest for the Orb.
     0 | D:1      | Reached XP level 1. HP: 20/20 MP: 1/1
  1123 | D:2      | Reached XP level 2. HP: 24/27 MP: 2/2
  1170 | D:2      | Found a sparkling altar of Nemelex Xobeh.
  1444 | D:2      | Reached skill level 4 in Shields
  1450 | D:2      | Reached XP level 3. HP: 32/33 MP: 3/3
  1763 | D:2      | Found a runed translucent door.
  1764 | D:2      | Noticed Crazy Yiuf
  1774 | D:2      | Slain by Crazy Yiuf

Illustrated notes

Levels and vault maps discovered:
D:1:      matt_arrival_los_fun, layout_basic
D:2:      layout_loops_ring, basic_altar, minmay_rat_gold_closets,
          uniq_crazy_yiuf_cottage

Skill      XL: |  1  2 |
---------------+-------+-----
Shields        | 4 |  4.1
Fighting       | |  2.9
Axes           | |  2.5
Armour         | |  3.5
Dodging        | |  0.5

Action                   || total
-------------------------++-------
Melee: War axe           ||   136
 Abil: Heal Wounds       ||     1
  Use: Potion            ||     1
Armor: Scale mail        ||    60
Dodge: Dodged            ||    50
Block: Kite shield       ||    83

Table legend: (Time is in decaauts)
 A = Elapsed time spent in this place.
 B = Non-inter-level travel time spent in this place.
 C = Inter-level travel time spent in this place.
 D = Time resting spent in this place.
 E = Time spent auto-exploring this place.
 F = Levels seen in this place.
 G = Mean time per level.
                   A        B        C        D        E       F      G
               +--------+--------+--------+--------+--------+-----+--------+
         Total |   1855 |   1852 |      3 |    300 |      0 |   2 |  927.5 |
       Dungeon |   1855 |   1852 |      3 |    300 |      0 |   2 |  927.5 |
               +--------+--------+--------+--------+--------+-----+--------+

Top non-repeatable levels by time:
     D:1: 1119 daAuts
     D:2: 736 daAuts
